 Dungeon Crawl Stone Soup version 0.31-a0-472-g43a2ca8e1b (webtiles) character file.

Game seed: 16766170886875892014

121 AIAndy the Ruffian (level 5, -1/49 HPs)
             Began as an Octopode Shapeshifter on Aug 6, 2023.
             Slain by a gnoll
             ... wielding a +3 spear
              (7 damage)
             ... on level 3 of the Dungeon.
             The game lasted 00:04:53 (1770 turns).

AIAndy the Ruffian (Octopode Shapeshifter)          Turns: 1770, Time: 00:04:54

Health: -1/49      AC: 22    Str: 22    XL:     5   Next: 5%
Magic:  5/5        EV:  2    Int: 14    God:
Gold:   75         SH:  0    Dex: 11    Spells: 4/4 levels left

rFire   + .          .
                       - Unarmed
rCold   + . .        (no shield)
rNeg    . . .        (helmet currently unavailable)
rPois   +            (no amulet)
rElec   +            S - +6 ring of strength
rCorr   +            (no ring)
SInv    .            (no ring)
Will    .....        (no ring)
Stlth   +            (no ring)
HPRegen 0.28/turn    (no ring)
MPRegen 0.09/turn    (no ring)
                     (no ring)

%: no passive effects
@: tree-form, resistant
A: stationary, stasis, torment immunity, boosted hp, almost no armour,
(amphibious), 8 rings, (camouflage 1), (gelatinous body 1), (nimble swimmer 1),
(tentacles), clever 1
a: no special abilities


You were on level 3 of the Dungeon.
You were a tree.
You visited 1 branch of the dungeon, and saw 3 of its levels.

You collected 75 gold pieces.


Innate Abilities, Weirdness & Mutations

You are a tree.
Your roots penetrate the ground, keeping you stationary.
You cannot be teleported.
You are immune to unholy pain and torment.
Your maximum health is greatly increased.
You cannot wear most types of armour.
((You are amphibious.))
You can wear up to eight rings at the same time.
((Your skin changes colour to match your surroundings (Stealth+).))
((Your rubbery body absorbs attacks. (AC +1, EV +1)))
((You are camouflaged when in or above water. (Stealth+)))
((You have tentacles for arms and can constrict up to eight enemies at once.))
Your mind is acute. (Int +4, Str/Dex -1)


   Skills:
 - Level 1.0 Fighting
 - Level 2.0 Dodging
 + Level 4.4 Unarmed Combat
 + Level 4.0 Shapeshifting


You had 4 spell levels left.
You didn't know any spells.
Your spell library contained the following spells:

 Spells                   Type           Power      Damage    Failure   Level
 Magic Dart               Conj           0%         1d3       28%         1
 Lesser Beckoning         Tloc           0%         N/A       41%         2
 Searing Ray              Conj           0%         2d4       41%         2
 Frozen Ramparts          Ice            0%         1d1       65%         3
 Gell's Gravitas          Tloc           0%         N/A       65%         3
 Teleport Other           Tloc           0%         N/A       65%         3
 Vhi's Electric Charge    Tloc/Air       0%         N/A       65%         3
 Fulminant Prism          Conj/Hex       0%         3d5       96%         4
 Petrify                  Tmut/Erth      0%         N/A       96%         4
 Arcjolt                  Conj/Air       0%         1d10      100%        5
 Metabolic Englaciation   Hex/Ice        0%         N/A       100%        5
 Plasma Beam              Fire/Air       0%         2x1d10    100%        6

Inventory:

Jewellery
 S - a +6 ring of strength (left branch)
Talismans
 b - a beast talisman
Scrolls
 c - a scroll of fear {unknown}
 e - a scroll of poison {unknown}
 g - a scroll of brand weapon {unknown}
 h - 2 scrolls of teleportation {@r4}
 i - a scroll of amnesia {unknown}
 j - a scroll of vulnerability {unknown}
 k - a scroll of summoning {unknown}
 l - a scroll of enchant armour {unknown}
Potions
 a - a potion of lignification {!q}

Dungeon Overview and Level Annotations

Branches:
Dungeon (3/15)

Altars:
Wu Jian

####### #.##...##
#.###.## . #.#
### ..##
########.#
.....###..[.[...#
........########
.##.##..# #..)..#
####♣## #..ggg).#
#########


You could see 3 gnolls.


Message History

The goblin hits you but does no damage.
You barely miss the goblin. The gnoll hits you but does no damage.
The goblin hits you with a +0 dagger.
* * * LOW HITPOINT WARNING * * *
You hit the goblin.
You kill the goblin!
The gnoll hits you but does no damage.
You smack the frilled lizard!
You kill the frilled lizard!
The gnoll hits you but does no damage.
You cannot move.
The gnoll hits you but does no damage. The gnoll completely misses you.
The gnoll hits you but does no damage.
The gnoll hits you from afar with a +3 spear.
* * * LOW HITPOINT WARNING * * *
You cannot move.
Sorry, you're not good enough to have a special ability.
It was a potion of resistance.
You feel protected.
The gnoll hits you from afar with a +3 spear.
* * * LOW HITPOINT WARNING * * *
It was a potion of mutation.
You feel extremely strange.
You feel agile.
You feel clever.
You feel clumsy.
The gnoll hits you from afar with a +3 spear.
* * * LOW HITPOINT WARNING * * *
As you read the scroll labelled SEG YLAEWUCA, it crumbles to dust.
You feel a strange sense of stasis.
It was a scroll of teleportation.
The gnoll hits you from afar with a +3 spear!
You die...

Skill      XL: |  1  2  3  4 |
---------------+-------------+-----
Unarmed Combat | 4 |  4.4
Shapeshifting  | 4 |  4.0
Fighting       | |  1.0
Dodging        | |  2.0

Action                     |  1- 3 |  4- 6 || total
---------------------------+-------+-------++-------
  Melee: Unarmed           |    54 |    58 ||   112
         Constrict         |    14 |    10 ||    24
         Tentacles         |    12 |     4 ||    16
         Punch             |       |     1 ||     1
    Use: Potion            |       |     3 ||     3
         Scroll            |       |     1 ||     1
   Stab: Sleeping          |     5 |     7 ||    12
 Armour: Skin              |     4 |    27 ||    31
  Dodge: Dodged            |    32 |    26 ||    58

Levels and vault maps discovered:
D:1:      saegor_arrival_simple_d, layout_rooms, minmay_misc_feat_chi
D:2:      minmay_wonky_spiral, layout_basic, basic_altar
D:3:      minmay_door_path, layout_loops_cross, eino_tiny_chamber

Notes
Turn   | Place    | Note
-------+----------+-------------------------------------------
     0 | D:1      | AIAndy the Octopode Shapeshifter began the quest for the
                  | Orb.
     0 | D:1      | Reached XP level 1. HP: 13/13 MP: 1/1
    87 | D:1      | Reached XP level 2. HP: 15/18 MP: 2/2
   586 | D:2      | Reached XP level 3. HP: 23/23 MP: 3/3
   621 | D:2      | Reached skill level 4 in Unarmed Combat
   621 | D:2      | Reached XP level 4. HP: 17/28 MP: 4/4
  1216 | D:2      | Found an ornate altar of the Wu Jian Council.
  1545 | D:3      | Reached skill level 4 in Shapeshifting
  1759 | D:3      | Reached XP level 5. HP: 13/33 MP: 5/5
  1768 | D:3      | Identified a potion of resistance
  1769 | D:3      | Gained mutation: You are agile. (Dex +4, Str/Int -1)
                  | [potion of mutation]
  1769 | D:3      | Gained mutation: Your mind is acute. (Int +4, Str/Dex -1)
                  | [potion of mutation]
  1769 | D:3      | Lost mutation: You are agile. (Dex +4, Str/Int -1) [potion
                  | of mutation]
  1770 | D:3      | Slain by a gnoll

Vanquished Creatures
  A gnoll (D:3)
  5 adders (D:2)
  2 dart slugs
  6 endoplasms
  3 giant cockroaches
  6 goblins
  4 hobgoblins
  5 jackals
  4 quokkas
  6 ball pythons
  4 bats
  5 frilled lizards
  6 kobolds
  5 rats
62 creatures vanquished.

Table legend: (Time is in decaauts)
 A = Elapsed time spent in this place.
 B = Non-inter-level travel time spent in this place.
 C = Inter-level travel time spent in this place.
 D = Time resting spent in this place.
 E = Time spent auto-exploring this place.
 F = Levels seen in this place.
 G = Mean time per level.
                   A        B        C        D        E       F      G
               +--------+--------+--------+--------+--------+-----+--------+
         Total |   1760 |   1673 |     87 |      0 |   1331 |   3 |  586.7 |
       Dungeon |   1760 |   1673 |     87 |      0 |   1331 |   3 |  586.7 |
               +--------+--------+--------+--------+--------+-----+--------+

Top non-repeatable levels by time:
     D:2: 956 daAuts
     D:1: 578 daAuts
     D:3: 226 daAuts

Table legend:
 A = Non-vault XP
 B = Vault XP
 C = Vault XP percentage of total XP
 D = Non-vault monster count
 E = Vault monster count
 F = Vault count percentage of total count
                 A         B        C        D         E       F
            +---------+---------+-------+---------+---------+-------
      Total |     159 |      15 |   8.6 |      60 |       2 |   3.2
            +---------+---------+-------+---------+---------+-------
        D:1 |      32 |       0 |   0.0 |      21 |       0 |   0.0
        D:2 |      99 |      15 |  13.2 |      30 |       2 |   6.2
        D:3 |      28 |       0 |   0.0 |       9 |       0 |   0.0
            +---------+---------+-------+---------+---------+-------
